 Dungeon Crawl Stone Soup version 0.21-a0-361-g4efd3f9 (webtiles) character file.

53 tidbits the Magician (level 3, 13/26 HPs)
             Began as a Gnoll Wizard on Oct 13, 2017.
             Quit the game on level 3 of the Dungeon.
             The game lasted 00:04:26 (488 turns).

tidbits the Magician (Gnoll Wizard)                  Turns: 488, Time: 00:04:27

Health: 13/26      AC:  2    Str:  9    XL:     3   Next: 87%
Magic:  0/11       EV: 16    Int: 21    God:
Gold:   38         SH:  0    Dex: 13    Spells: 11/16 levels left

rFire    . . .     SeeInvis .   a - +0 mace
rCold    . . .     Gourm    .   (no shield)
rNeg     . . .     Faith    .   f - +0 robe
rPois    .         Spirit   .   b - +0 hat
rElec    .         Reflect  .   (no cloak)
rCorr    .         Harm     .   (no gloves)
MR       .....                  (no boots)
Stlth    +++.......             (no amulet)
HPRegen  0.08/turn              V - +2 ring of evasion
MPRegen  0.12/turn              (no ring)

@: mildly poisoned (13 -> 9)
A: distributed training, fangs 1, strong nose
a: no special abilities


You were on level 3 of the Dungeon.
You were not hungry.

You visited 1 branch of the dungeon, and saw 3 of its levels.

You collected 38 gold pieces.

Inventory:

Hand Weapons
 a - a +0 mace (weapon)
Missiles
 e - 34 stones (quivered)
 l - 29 arrows
Armour
 b - a +0 hat (worn)
 f - a +0 robe (worn)
 g - a +0 buckler
 j - a cursed +0 ring mail
Jewellery
 V - a +2 ring of evasion (left hand)
   (You found it on level 3 of the Dungeon)
Scrolls
 h - a scroll of identify {unknown}
 i - a scroll of fog {unknown}
 m - a scroll of remove curse {unknown}
Potions
 k - a potion of agility {unknown}
Books
 c - a book of Minor Magic

   Spells                             Type                      Level
   a - Magic Dart                     Conjuration                  1
   b - Blink                          Translocation                2
   c - Call Imp                       Summoning                    2
   d - Slow                           Hexes                        2
   e - Conjure Flame                  Conjuration/Fire             3
   f - Mephitic Cloud                 Conjuration/Poison/Air       3
Comestibles
 d - 3 bread rations
 n - a meat ration
 o - 4 fruits


   Skills:
 + Level 1.0 Fighting
 + Level 1.0 Short Blades
 + Level 1.0 Long Blades
 + Level 1.0 Axes
 + Level 1.0 Maces & Flails
 + Level 1.0 Polearms
 + Level 1.0 Staves
 + Level 1.0 Slings
 + Level 1.0 Bows
 + Level 1.0 Crossbows
 + Level 1.0 Throwing
 + Level 1.0 Armour
 + Level 4.6 Dodging
 + Level 4.2 Stealth
 + Level 1.0 Shields
 + Level 1.0 Unarmed Combat
 + Level 7.1 Spellcasting
 + Level 2.1 Conjurations
 + Level 0.7 Hexes
 + Level 0.7 Charms
 + Level 2.1 Summonings
 + Level 0.7 Necromancy
 + Level 2.1 Translocations
 + Level 0.7 Transmutations
 + Level 0.7 Fire Magic
 + Level 0.7 Ice Magic
 + Level 0.7 Air Magic
 + Level 0.7 Earth Magic
 + Level 0.7 Poison Magic
 + Level 1.0 Invocations
 + Level 1.0 Evocations


You had 11 spell levels left.
You knew the following spells:

 Your Spells              Type           Power        Failure   Level  Hunger
a - Magic Dart            Conj           ###.         3%          1    None
b - Blink                 Tloc           N/A          5%          2    None
i - Call Imp              Summ           ###.....     5%          2    None


Dungeon Overview and Level Annotations

Branches:
Dungeon (3/15)

Altars:


Innate Abilities, Weirdness & Mutations

Your experience applies equally to all skills.
You have very sharp teeth.
Your uncanny sense of smell can sniff out nearby items.


Message History

The adder is heavily wounded.
The adder hisses angrily.
You hear a shout!
A hobgoblin comes into view.
Casting: Magic Dart
Confirm with . or Enter, or press ? or * to list all spells.
Aiming: Magic Dart
Press: ? - help, Shift-Dir - straight line, f/p - adder
Aim: an adder (heavily wounded)
The magic dart hits the adder.
The adder is severely wounded.
The adder barely misses you.
Casting: Magic Dart
Confirm with . or Enter, or press ? or * to list all spells.
Aiming: Magic Dart
Press: ? - help, Shift-Dir - straight line, f/p - adder
Aim: an adder (severely wounded)
The magic dart hits the adder.
The adder is almost dead.
The adder misses you.
Casting: Magic Dart
Confirm with . or Enter, or press ? or * to list all spells.
You don't have enough magic to cast that spell.
You hit the adder.
You kill the adder!
You closely miss the hobgoblin. The hobgoblin hits you.
You barely miss the hobgoblin. The hobgoblin misses you.
You barely miss the hobgoblin. The hobgoblin misses you.
The hobgoblin closely misses you.
Casting: Magic Dart
Confirm with . or Enter, or press ? or * to list all spells.
Aiming: Magic Dart
Press: ? - help, Shift-Dir - straight line, f - hobgoblin
Aim: a hobgoblin The magic dart hits the hobgoblin.
The hobgoblin is almost dead.
The hobgoblin completely misses you.
You hit the hobgoblin.
You kill the hobgoblin!
Your Fighting skill increases to level 1!
Your Short Blades skill increases to level 1!
Your Long Blades skill increases to level 1!
Your Axes skill increases to level 1!
Your Maces & Flails skill increases to level 1!
Your Polearms skill increases to level 1!
Your Staves skill increases to level 1!
Your Slings skill increases to level 1!
Your Bows skill increases to level 1!
Your Crossbows skill increases to level 1!
Your Throwing skill increases to level 1!
Your Armour skill increases to level 1!
Your Shields skill increases to level 1!
Your Unarmed Combat skill increases to level 1!
Your Evocations skill increases to level 1!
You see here an adder corpse.
Unknown command.
Casting: Magic Dart
Confirm with . or Enter, or press ? or * to list all spells.
Aiming: Magic Dart
Press: ? - help, Shift-Dir - straight line, f - adder
Aim: an adder (hasn't noticed you)
The magic dart hits the adder.
The adder is lightly wounded.
The adder hisses angrily.
Casting: Magic Dart
Confirm with . or Enter, or press ? or * to list all spells.
Aiming: Magic Dart
Press: ? - help, Shift-Dir - straight line, f/p - adder
Aim: an adder (lightly wounded)
The magic dart hits the adder.
The adder is heavily wounded.
Casting: Magic Dart
Confirm with . or Enter, or press ? or * to list all spells.
Aiming: Magic Dart
Press: ? - help, Shift-Dir - straight line, f/p - adder
Aim: an adder (heavily wounded)
The magic dart hits the adder.
The adder is heavily wounded.
You closely miss the adder.
The adder is heavily wounded.
The adder bites you. The adder bites you but does no damage.
Casting: Magic Dart
Confirm with . or Enter, or press ? or * to list all spells.
Aiming: Magic Dart
Press: ? - help, Shift-Dir - straight line, f/p - adder
Aim: an adder (heavily wounded)
The magic dart hits the adder.
The adder is heavily wounded.
The adder bites you.
You closely miss the adder.
The adder is heavily wounded.
The adder barely misses you. The adder bites you.
You barely miss the adder. You bite the adder, but do no damage.
The adder is heavily wounded.
You hear the brisk rusting of a very distant drain.
The adder bites you.
You are poisoned.
The adder poisons you! The adder barely misses you.
You completely miss the adder. Your bite misses the adder.
The adder is heavily wounded.
You feel sick. The adder barely misses you. x2
Are you sure you want to abandon this character and quit the game? (Confirm with "yes".)

##########.....#
+....†(5.(..#
#†#######....########
#.# #.....# #.#
#...## #.# #.###
#.#### #.# #....# #.#
####.###S# #...@.#
#######


You could see an adder.

Vanquished Creatures
  2 adders (D:3)
  3 dart slugs
  An orc (D:3)
  A giant cockroach (D:1)
  A goblin (D:1)
  6 hobgoblins
  5 bats
  2 frilled lizards
  3 kobolds (D:3)
  3 rats
27 creatures vanquished.

Vanquished Creatures (collateral kills)
  A goblin (D:3)
1 creature vanquished.

Grand Total: 28 creatures vanquished

Notes
Turn   | Place    | Note
-------+----------+-------------------------------------------
     0 | D:1      | tidbits the Gnoll Wizard began the quest for the Orb.
     0 | D:1      | Reached XP level 1. HP: 13/13 MP: 8/8
   115 | D:1      | Reached skill level 2 in Conjurations
   115 | D:1      | Reached skill level 2 in Summonings
   115 | D:1      | Reached skill level 2 in Translocations
   125 | D:1      | Reached XP level 2. HP: 19/19 MP: 0/10
   129 | D:1      | Learned a level 2 spell: Call Imp
   132 | D:1      | Learned a level 2 spell: Blink
   325 | D:3      | Reached XP level 3. HP: 22/25 MP: 6/11
   425 | D:3      | Reached skill level 1 in Invocations
   458 | D:3      | Reached skill level 1 in Fighting
   458 | D:3      | Reached skill level 1 in Short Blades
   458 | D:3      | Reached skill level 1 in Long Blades
   458 | D:3      | Reached skill level 1 in Axes
   458 | D:3      | Reached skill level 1 in Maces & Flails
   458 | D:3      | Reached skill level 1 in Polearms
   458 | D:3      | Reached skill level 1 in Staves
   458 | D:3      | Reached skill level 1 in Slings
   458 | D:3      | Reached skill level 1 in Bows
   458 | D:3      | Reached skill level 1 in Crossbows
   458 | D:3      | Reached skill level 1 in Throwing
   458 | D:3      | Reached skill level 1 in Armour
   458 | D:3      | Reached skill level 1 in Shields
   458 | D:3      | Reached skill level 1 in Unarmed Combat
   458 | D:3      | Reached skill level 1 in Evocations
   488 | D:3      | Quit the game

Vault maps used:
D:1:      ncdulo_halloftheorcs, minmay_misc_feat_ornament
D:2:      chequers_ecumenical_altar_twisty, st_stairs_6,
          nicolae_qazlal_general_emergency
D:3:      gup_sewer_entry_spiral

Skill      XL: |  1  2  3 |
---------------+----------+-----
Conjurations   | 2 |  2.1
Summonings     | 2 |  2.1
Translocations | 2 |  2.1
Invocations    | 1 |  1.0
Fighting       | 1 |  1.0
Short Blades   | 1 |  1.0
Long Blades    | 1 |  1.0
Axes           | 1 |  1.0
Maces & Flails | 1 |  1.0
Polearms       | 1 |  1.0
Staves         | 1 |  1.0
Slings         | 1 |  1.0
Bows           | 1 |  1.0
Crossbows      | 1 |  1.0
Throwing       | 1 |  1.0
Armour         | 1 |  1.0
Shields        | 1 |  1.0
Unarmed Combat | 1 |  1.0
Evocations     | 1 |  1.0
Dodging        | |  4.6
Stealth        | |  4.2
Spellcasting   | |  7.1
Hexes          | |  0.7
Charms         | |  0.7
Necromancy     | |  0.7
Transmutations | |  0.7
Fire Magic     | |  0.7
Ice Magic      | |  0.7
Air Magic      | |  0.7
Earth Magic    | |  0.7
Poison Magic   | |  0.7

Action                   || total
-------------------------++-------
Melee: Mace              ||    31
       Bite              ||     5
 Cast: Magic Dart        ||    55
       Call Imp          ||     3
 Stab: Sleeping          ||     2
Armor: Robe              ||     1
Dodge: Dodged            ||    42

Table legend:
 A = Spawn XP
 B = Non-spawn XP
 C = Spawn XP percentage of total XP
 D = Spawn monster count
 E = Non-spawn monster count
 F = Spawn count percentage of total count
 G = Total turns spent on level
                    A         B        C        D         E        F      G
               +---------+---------+-------+---------+---------+-------+---------
         Total |       0 |      76 |   0.0 |       0 |      28 |   0.0 |   488
               +---------+---------+-------+---------+---------+-------+---------
           D:1 |       0 |      19 |   0.0 |       0 |      10 |   0.0 |   182
           D:3 |       0 |      57 |   0.0 |       0 |      18 |   0.0 |   300
               +---------+---------+-------+---------+---------+-------+---------

Table legend:
 A = Turns spent in this place as a percentage of turns spent in the entire game.
 B = Non-inter-level travel turns spent in this place as a percentage of non-inter-level travel turns spent in the entire game.
 C = Inter-level travel turns spent in this place as a percentage of turns spent in this place.
 D = Turns resting spent in this place as a percentage of non-inter-level travel turns spent in this place.
 E = Turns spent auto-exploring this place as a percentage of non-inter-level travel turns spent in this place.
 F = Non-inter-level travel turns spent in this place divided by the number of levels of this place that you've seen.
                   A       B       C       D       E      F
               +-------+-------+-------+-------+-------+----------------------
         Total | 100.0 | 100.0 |   0.0 |   0.0 |   0.0 | 162.7
       Dungeon | 100.0 | 100.0 |   0.0 |   0.0 |   0.0 | 162.7
               +-------+-------+-------+-------+-------+----------------------

Table legend:
 A = Kills in this place as a percentage of kills in entire the game.
 B = Kills by you in this place as a percentage of kills by you in the entire game.
 C = Kills by friends in this place as a percentage of kills by friends in the entire game.
 D = Other kills in this place as a percentage of other kills in the entire game.
 E = Experience gained in this place as a percentage of experience gained in the entire game.
 F = Experience gained in this place divided by the number of levels of this place that you have seen.
                   A       B       C       D       E      F
               +-------+-------+-------+-------+-------+----------------------
         Total | 100.0 | 100.0 | 100.0 |   N/A | 100.0 |  25.3
       Dungeon | 100.0 | 100.0 | 100.0 |   N/A | 100.0 |  25.3
               +-------+-------+-------+-------+-------+----------------------

Vault maps used:
D:1:      ncdulo_halloftheorcs, minmay_misc_feat_ornament
D:2:      chequers_ecumenical_altar_twisty, st_stairs_6,
          nicolae_qazlal_general_emergency
D:3:      gup_sewer_entry_spiral
